 Dungeon Crawl Stone Soup version 0.29-a0-717-g6dac4ea423 (webtiles) character file.

Game seed: 14461291911265415507

2874 siradein the Trooper (level 9, -6/77 HPs)
             Began as a Palentonga Fighter on June 27, 2022.
             Mangled by an ice beast (12 damage)
             ... on level 7 of the Dungeon.
             The game lasted 00:35:27 (9209 turns).

siradein the Trooper (Palentonga Fighter)           Turns: 9209, Time: 00:35:28

Health: -6/77      AC: 18    Str: 25    XL:     9   Next: 47%
Magic:  9/9        EV:  8    Int:  9    God:
Gold:   317        SH:  5    Dex: 10    Spells: 8/8 levels left

rFire   . . .      SeeInvis +   F - +0 flail (vorpal)
rCold   . . .      Faith    .   c - +0 buckler
rNeg    . . .      Spirit   .   y - +5 ring mail of the Slorg {Will+ Str+2}
rPois   .          Reflect  .   (no helmet)
rElec   .          Harm     .   (no cloak)
rCorr   .          Rampage  .   (no gloves)
Will    +....                   (no barding)
Stlth   ..........              (no amulet)
HPRegen 0.22/turn               (no ring)
MPRegen 0.11/turn               (no ring)

@: curled up
A: large, rugged brown scales 3, see invisible, deformed body, roll 1, armoured
tail, reflexive curl
a: Rolling Charge


You were on level 7 of the Dungeon.
You visited 1 branch of the dungeon, and saw 7 of its levels.

You collected 317 gold pieces.

Inventory:

Hand Weapons
 F - a +0 vorpal flail (weapon)
Missiles
 b - a boomerang
 k - 19 poisoned darts (quivered)
 o - 4 atropa-tipped darts
Armour
 c - a +0 buckler (worn)
 f - +0 storm dragon scales
 y - the +5 ring mail of the Slorg (worn) {Will+ Str+2}
   (You found it on level 5 of the Dungeon)

   Str:       It affects your strength (+2).
   Will:      It increases your willpower.
Jewellery
 t - a ring of ice
 B - an amulet of faith
Wands
 a - a wand of iceblast (7)
Scrolls
 g - a scroll of fear
 i - 3 scrolls of amnesia
 j - a scroll of enchant armour {unknown}
 l - a scroll of noise {unknown}
 m - a scroll of enchant weapon {unknown}
 r - a scroll of immolation
 s - a scroll of brand weapon {unknown}
 u - a scroll of poison {unknown}
 w - 4 scrolls of blinking {unknown}
 x - 2 scrolls of fog {unknown}
Potions
 d - 2 potions of haste
 e - 3 potions of lignification {unknown}
 h - a potion of invisibility {unknown}
 n - 2 potions of heal wounds
 p - 2 potions of brilliance {unknown}
 q - a potion of mutation {unknown}
 v - a potion of flight {unknown}
 z - 3 potions of curing {unknown}
 A - a potion of degeneration {unknown}
 C - a potion of berserk rage {unknown}
 D - a potion of magic {unknown}
 E - a potion of might


   Skills:
 + Level 7.3 Fighting
 + Level 6.8 Maces & Flails
 + Level 6.0 Armour
 + Level 6.6 Shields


You had 8 spell levels left.
You didn't know any spells.
Your spell library contained the following spells:

 Spells                   Type           Power      Damage    Failure   Level
 Sting                    Tmut/Pois      0%         1d3       56%         1
 Poisonous Vapours        Pois/Air       0%         N/A       71%         2
 Gell's Gravitas          Tloc           0%         N/A       91%         3
 Lesser Beckoning         Tloc           0%         N/A       91%         3
 Teleport Other           Tloc           0%         N/A       91%         3
 Olgreb's Toxic Radiance  Pois           0%         N/A       100%        4


Dungeon Overview and Level Annotations

Branches:
Dungeon (7/15)
 Temple: D:4-7

Altars:
Gozag

Shops:
D:2 =

Annotations:
D:7 Maggie


Innate Abilities, Weirdness & Mutations

You are completely covered in rugged brown scales. (AC +3, +7% HP)
You have supernaturally acute eyesight. (SInv)
Armour fits poorly on your strangely shaped body.
You can roll at nearby foes to attack.
You have a long armoured tail.
You curl defensively after being hit. (AC +7*)


Message History

An ice beast is nearby!
An ice beast is nearby!
An ice beast is nearby!
An ice beast is nearby!
An ice beast is nearby!
An ice beast is nearby!
An ice beast is nearby!
An ice beast is nearby!
An ice beast is nearby!
An ice beast is nearby!
An ice beast is nearby!
An ice beast is nearby!
An ice beast is nearby!
An ice beast is nearby!
An ice beast is nearby!
An ice beast is nearby!
An ice beast is nearby!
An ice beast is nearby!
An ice beast is nearby!
An ice beast is nearby!
An ice beast is nearby!
An ice beast is nearby!
An ice beast is nearby!
An ice beast is nearby!
An ice beast is nearby!
An ice beast is nearby!
An ice beast is nearby!
An ice beast is nearby!
An ice beast is nearby!
An ice beast is nearby!
An ice beast is nearby!
An ice beast is nearby!
An ice beast is nearby!
An ice beast is nearby!
An ice beast is nearby!
The ice beast hits you but does no damage.
The ice beast hits you.
* * * LOW HITPOINT WARNING * * *
The ice beast freezes you!
You die...

.......#...........#
.......#.....<.....+
.......#.....#
.......#.....##
.......#......#
.......'..>...#
.##...##......#
#######....Y.#
#....#.....@.#
#....#.......#
#....'..#....#
#.....##.##.##
#######....#.⌠.#.##
##...##....##.##..#
..........#..#....#
...)......#.......#
..........#.......#


You could see an ice beast.

Vanquished Creatures
  A troll (D:7)
  A hornet (D:7)
  Sigmund (D:3)
  Menkaure (D:3)
  Edmund (D:4)
  2 ice beasts (D:5)
  2 sky beasts (D:6)
  3 centaurs (D:6)
  3 ogres (D:5)
  2 necrophages (D:6)
  4 scorpions
  4 wights
  3 hounds
  6 orc priests
  2 iguanas
  4 orc wizards
  12 adders
  A shadow imp (D:6)
  A white imp (D:7)
  An ufetubus (D:6)
  A worm (D:2)
  3 dart slugs
  24 orcs
  7 ball pythons
  11 endoplasms
  2 giant cockroaches (D:2)
  6 goblins
  4 hobgoblins
  7 jackals
  3 quokkas
  6 bats
  4 frilled lizards
  8 kobolds
  6 rats
147 creatures vanquished.

Vanquished Creatures (others)
  An orc (D:6)
1 creature vanquished.

Grand Total: 148 creatures vanquished

Notes
Turn   | Place    | Note
-------+----------+-------------------------------------------
     0 | D:1      | siradein the Palentonga Fighter began the quest for the
                  | Orb.
     0 | D:1      | Reached XP level 1. HP: 19/19 MP: 1/1
   195 | D:1      | Reached XP level 2. HP: 25/25 MP: 2/2
   904 | D:1      | Reached XP level 3. HP: 27/31 MP: 3/3
  1641 | D:2      | Reached XP level 4. HP: 37/37 MP: 4/4
  1643 | D:2      | Found Wuanget's Jewellery Emporium.
  1820 | D:2      | Found a faded altar of an unknown god.
  2104 | D:3      | Noticed Sigmund
  2140 | D:3      | HP: 1/39 [Sigmund/+2 scythe of venom (4)]
  2142 | D:3      | Killed Sigmund
  2143 | D:3      | Reached skill level 4 in Fighting
  2143 | D:3      | Reached XP level 5. HP: 16/44 MP: 5/5
  2143 | D:3      | Reached XP level 6. HP: 18/51 MP: 6/6
  2966 | D:4      | Noticed Menkaure
  3561 | D:3      | Killed Menkaure
  3850 | D:4      | Gained mutation: You curl defensively after being hit. (AC
                  | +7*) [Palentonga growth]
  3850 | D:4      | Reached XP level 7. HP: 57/58 MP: 7/7
  4169 | D:4      | Noticed Edmund
  4213 | D:4      | Killed Edmund
  4214 | D:4      | Reached skill level 5 in Fighting
  4637 | D:5      | Entered Level 5 of the Dungeon
  5137 | D:5      | Reached skill level 5 in Maces & Flails
  5137 | D:5      | Reached skill level 5 in Shields
  5137 | D:5      | Reached XP level 8. HP: 32/67 MP: 8/8
  5698 | D:5      | Identified the +5 ring mail of the Slorg {Will+ Str+2}
  6250 | D:5      | Found an opulent altar of Gozag.
  6266 | D:5      | Reached skill level 6 in Fighting
  6266 | D:5      | Reached skill level 5 in Armour
  7691 | D:6      | Reached XP level 9. HP: 51/75 MP: 9/9
  8458 | D:6      | Reached skill level 7 in Fighting
  8511 | D:7      | Noticed Maggie
  8606 | D:7      | Noticed a troll
  8883 | D:7      | Killed a troll
  9209 | D:7      | Mangled by an ice beast

Illustrated notes

Levels and vault maps discovered:
D:1:      mushboom_english_gardens, layout_loops_cross, serial_park_tiny_pond
D:2:      layout_rooms, serial_shops, shop, dilly_ecumenical_altar_fadedgnrine
D:3:      minmay_spotlight, layout_rooms, chequers_decorated_corner,
          uniq_sigmund
D:4:      layout_rooms, nicolae_concentric_dashed_squares_wild, uniq_edmund,
          uniq_menkaure
D:5:      layout_cave_pools, mainiacjoe_overflow_24_doors, minivault_4,
          grunt_decor_junction
D:6:      minmay_chambers_of_threes, layout_basic
D:7:      lemuel_slime, layout_gridville, lemuel_tele_altar,
          fedhas_altar_decomposition, minmay_temple_entry_waves,
          grunt_decor_one_mirror, uniq_joseph, uniq_maggie

Skill      XL: |  1  2  3  4  5  6  7  8  9 |
---------------+----------------------------+-----
Shields        | 3 4 5 6 |  6.6
Armour         | 3 4 5 6 |  6.0
Maces & Flails | 3 4 5 6 |  6.8
Fighting       | 4 5 6 7 |  7.3

Action                   |  1- 3 |  4- 6 |  7- 9 || total
-------------------------+-------+-------+-------++-------
Melee: Flail             |    97 |   115 |   321 ||   533
       Tailslap          |     9 |    10 |    46 ||    65
Throw: Dart              |       |       |     6 ||     6
 Abil: Rolling Charge    |     1 |     1 |     2 ||     4
  Use: Scroll            |       |     5 |     1 ||     6
       Potion            |       |     2 |     2 ||     4
Armor: Scale mail        |     4 |       |       ||     4
       Storm dragon scal |    52 |   119 |   111 ||   282
       Ring mail         |       |       |    97 ||    97
Dodge: Dodged            |    22 |    50 |   124 ||   196
Block: Buckler           |    18 |    41 |    77 ||   136

Table legend: (Time is in decaauts)
 A = Elapsed time spent in this place.
 B = Non-inter-level travel time spent in this place.
 C = Inter-level travel time spent in this place.
 D = Time resting spent in this place.
 E = Time spent auto-exploring this place.
 F = Levels seen in this place.
 G = Mean time per level.
                   A        B        C        D        E       F      G
               +--------+--------+--------+--------+--------+-----+--------+
         Total |   9348 |   9097 |    251 |   2508 |   4954 |   7 | 1335.4 |
       Dungeon |   9348 |   9097 |    251 |   2508 |   4954 |   7 | 1335.4 |
               +--------+--------+--------+--------+--------+-----+--------+

Top non-repeatable levels by time:
     D:4: 1885 daAuts
     D:6: 1671 daAuts
     D:5: 1628 daAuts
     D:2: 1479 daAuts
     D:3: 1374 daAuts
     D:1: 879 daAuts
     D:7: 429 daAuts
